| TOP OF THE 1ST |
|
Seattle Mariners batting - Pitching for Colorado Rockies : LHP Mike Nimmo
|
|
Pitching: LHP Mike Nimmo
|
|
|
Batting: RHB Brad Robidas
|
0-0: Fly out, F8 (Flyball, 89D, EV 99.4 MPH)
|
|
Batting: RHB Jose Vasquez
|
0-0: Ball 1-0: Foul Ball, location: 2F 1-1: Ball 2-1: SINGLE (Groundball, 6D, EV 110.0 MPH)
|
|
Batting: RHB Tony Vargas
|
0-0: Called Strike 0-1: Called Strike Jose Vasquez steals 2nd base (no throw) 0-2: Ball 1-2: Ground out 6-3 (Groundball, 6, EV 91.2 MPH) Jose Vasquez to third
|
|
Batting: RHB Pavpv Ivanushkin
|
0-0: Called Strike 0-1: Foul Ball, location: 2F 0-2: Foul Ball, location: 2F 0-2: Ball 1-2: Ball 2-2: Ball 3-2: Strikes out swinging
|
| Top of the 1st over - 0 runs, 1 hit, 0 errors, 1 left on base; Seattle 0 - Colorado 0 |
| BOTTOM OF THE 1ST |
|
Colorado Rockies batting - Pitching for Seattle Mariners : RHP William de Jesus
|
|
Pitching: RHP William de Jesus
|
|
|
Batting: RHB Cesar Breceda
|
0-0: Ball 1-0: Foul Ball, location: 2F 1-1: Foul Ball, location: 2F 1-2: Ball 2-2: Fly out, F4 (Line Drive, 4, EV 67.5 MPH)
|
|
Batting: SHB Jerry Luckwell
|
0-0: Called Strike 0-1: SINGLE (Line Drive, 6D, EV 110.6 MPH)
|
|
Batting: LHB Freddy Troncoso
|
0-0: Ball 1-0: Ball 2-0: Ball 3-0: Called Strike 3-1: Grounds into double play, 4-6-3 (Groundball, 4, EV 85.6 MPH)
|
| Bottom of the 1st over - 0 runs, 1 hit, 0 errors, 0 left on base; Seattle 0 - Colorado 0 |
| TOP OF THE 2ND |
|
Seattle Mariners batting - Pitching for Colorado Rockies : LHP Mike Nimmo
|
|
Batting: LHB Jerrod Cluck
|
0-0: Foul Ball, location: 2F 0-1: Called Strike 0-2: Foul Ball, location: 2F 0-2: Ball 1-2: SINGLE (Line Drive, 6MD, EV 98.8 MPH)
|
|
Batting: LHB Tommy Luce
|
0-0: Called Strike 0-1: Ball 1-1: Fielders Choice at 2nd, 3-6 (Groundball, 3S, EV 90.0 MPH)
|
|
Batting: SHB Ray Skogen
|
0-0: Ball 1-0: Swinging Strike 1-1: Foul Ball, location: 2F 1-2: Ball 2-2: Ball 3-2: Base on Balls Tommy Luce to second
|
|
Batting: RHB Young-kwang Ohnn
|
0-0: Ball 1-0: Called Strike 1-1: Ball 2-1: Foul Ball, location: 2F 2-2: Foul Ball, location: 2F 2-2: Ball 3-2: Strikes out looking
|
|
Batting: RHB Malik Brookshire
|
0-0: Fielders Choice at 2nd, 6-4 (Groundball, 6, EV 78.8 MPH)
|
| Top of the 2nd over - 0 runs, 1 hit, 0 errors, 2 left on base; Seattle 0 - Colorado 0 |
| BOTTOM OF THE 2ND |
|
Colorado Rockies batting - Pitching for Seattle Mariners : RHP William de Jesus
|
|
Batting: RHB Henry Alvizo
|
0-0: Called Strike 0-1: Foul Ball, location: 2F 0-2: Foul Ball, location: 2F 0-2: Ball 1-2: Foul Ball, location: 2F 1-2: Fly out, F4 (Popup, 34S, EV 64.4 MPH)
|
|
Batting: LHB Andy Bowman
|
0-0: Ground out 6-3 (Groundball, 6, EV 87.5 MPH)
|
|
Batting: SHB Jon Munoz
|
0-0: Foul Ball, location: 2F 0-1: Fly out, F9 (Line Drive, 9, EV 91.9 MPH)
|
| Bottom of the 2nd over - 0 runs, 0 hits, 0 errors, 0 left on base; Seattle 0 - Colorado 0 |
| TOP OF THE 3RD |
|
Seattle Mariners batting - Pitching for Colorado Rockies : LHP Mike Nimmo
|
|
Batting: RHB Brad Robidas
|
0-0: Ball 1-0: Ball 2-0: Called Strike 2-1: Ball 3-1: Base on Balls
|
|
Batting: RHB Jose Vasquez
|
0-0: Ball 1-0: Foul Ball, location: 2F 1-1: Fly out, F2 (Popup, 3SF, EV 80.0 MPH)
|
|
Batting: RHB Tony Vargas
|
0-0: Ball 1-0: Swinging Strike 1-1: Swinging Strike 1-2: Strikes out looking
|
|
Batting: RHB Pavpv Ivanushkin
|
0-0: Ball Brad Robidas is caught stealing 2nd base 2-4
|
| Top of the 3rd over - 0 runs, 0 hits, 0 errors, 0 left on base; Seattle 0 - Colorado 0 |
| BOTTOM OF THE 3RD |
|
Colorado Rockies batting - Pitching for Seattle Mariners : RHP William de Jesus
|
|
Batting: RHB Justin Williams
|
0-0: Called Strike 0-1: Ball 1-1: Ball 2-1: Ground out U3 (Groundball, 34S, EV 88.1 MPH)
|
|
Batting: LHB Greg Valenzuela
|
0-0: Called Strike 0-1: Ball 1-1: Foul Ball, location: 2F 1-2: SINGLE (Groundball, 5S, EV 65.6 MPH) (infield hit)
|
|
Batting: RHB Eduardo Camacho
|
0-0: Called Strike 0-1: Ball 1-1: Ball 2-1: Fielders Choice at 2nd, 4-6 (Groundball, 4D, EV 108.1 MPH)
|
|
Batting: RHB Cesar Breceda
|
0-0: Called Strike 0-1: Foul Ball, location: 2F 0-2: Foul Ball, location: 2F 0-2: Ball 1-2: Foul Ball, location: 2F 1-2: Ground out U3 (Groundball, 3S, EV 85.0 MPH)
|
| Bottom of the 3rd over - 0 runs, 1 hit, 0 errors, 1 left on base; Seattle 0 - Colorado 0 |
| TOP OF THE 4TH |
|
Seattle Mariners batting - Pitching for Colorado Rockies : LHP Mike Nimmo
|
|
Batting: RHB Pavpv Ivanushkin
|
0-0: Swinging Strike 0-1: Called Strike 0-2: Ball 1-2: Strikes out swinging
|
|
Batting: LHB Jerrod Cluck
|
0-0: Called Strike 0-1: Called Strike 0-2: Ball 1-2: Fly out, F7 (Line Drive, 7, EV 110.6 MPH)
|
|
Batting: LHB Tommy Luce
|
0-0: Ground out U3 (Groundball, 34S, EV 84.4 MPH)
|
| Top of the 4th over - 0 runs, 0 hits, 0 errors, 0 left on base; Seattle 0 - Colorado 0 |
| BOTTOM OF THE 4TH |
|
Colorado Rockies batting - Pitching for Seattle Mariners : RHP William de Jesus
|
|
Batting: SHB Jerry Luckwell
|
0-0: Ball 1-0: Ball 2-0: Ground out 1-3 (Groundball, 13, EV 77.5 MPH)
|
|
Batting: LHB Freddy Troncoso
|
0-0: SINGLE (Groundball, 34D, EV 103.8 MPH) (infield hit)
|
|
Batting: RHB Henry Alvizo
|
0-0: Ball 1-0: Ball 2-0: Called Strike 2-1: Ball 3-1: Base on Balls Freddy Troncoso to second
|
|
Batting: LHB Andy Bowman
|
0-0: Called Strike 0-1: Ball 1-1: Called Strike 1-2: Ball 2-2: Ball 3-2: Base on Balls Freddy Troncoso to third Henry Alvizo to second
|
|
Batting: SHB Jon Munoz
|
0-0: Swinging Strike 0-1: Grounds into double play, 4-6-3 (Groundball, 4S, EV 80.6 MPH)
|
| Bottom of the 4th over - 0 runs, 1 hit, 0 errors, 2 left on base; Seattle 0 - Colorado 0 |
| TOP OF THE 5TH |
|
Seattle Mariners batting - Pitching for Colorado Rockies : LHP Mike Nimmo
|
|
Batting: SHB Ray Skogen
|
0-0: Ball 1-0: Foul Ball, location: 2F 1-1: Foul Ball, location: 2F 1-2: Strikes out looking
|
|
Batting: RHB Young-kwang Ohnn
|
0-0: Called Strike 0-1: Ball 1-1: Swinging Strike 1-2: Ball 2-2: Foul Ball, location: 2F 2-2: Ball 3-2: Base on Balls
|
|
Batting: RHB Malik Brookshire
|
0-0: Ball 1-0: Foul Ball, location: 2F 1-1: Ball Wild Pitch! Young-kwang Ohnn to second 2-1: Foul Ball, location: 2F 2-2: Strikes out swinging
|
|
Batting: RHB Brad Robidas
|
0-0: Called Strike 0-1: Ball 1-1: Foul Ball, location: 2F 1-2: Ground out 5-3 (Groundball, 56, EV 109.4 MPH)
|
| Top of the 5th over - 0 runs, 0 hits, 0 errors, 1 left on base; Seattle 0 - Colorado 0 |
| BOTTOM OF THE 5TH |
|
Colorado Rockies batting - Pitching for Seattle Mariners : RHP William de Jesus
|
|
Batting: RHB Justin Williams
|
0-0: SINGLE (Groundball, 34S, EV 69.4 MPH) (infield hit)
|
|
Batting: LHB Greg Valenzuela
|
0-0: Called Strike 0-1: Foul Ball, location: 2F 0-2: Ball 1-2: Strikes out swinging
|
|
Batting: RHB Eduardo Camacho
|
0-0: Ball 1-0: DOUBLE (Line Drive, 3D, EV 94.4 MPH) Justin Williams to third Runner from 3rd tries for Home, throw by RF and OUT! 9-2
|
|
Batting: RHB Cesar Breceda
|
0-0: Called Strike 0-1: Ball 1-1: SINGLE (Line Drive, 6D, EV 96.2 MPH) Eduardo Camacho to third Runner from 3rd tries for Home, throw by CF and OUT! 8-2
|
| Bottom of the 5th over - 0 runs, 3 hits, 0 errors, 1 left on base; Seattle 0 - Colorado 0 |
| TOP OF THE 6TH |
|
Seattle Mariners batting - Pitching for Colorado Rockies : LHP Mike Nimmo
|
|
Batting: RHB Jose Vasquez
|
0-0: Ball 1-0: Ball 2-0: Ball 3-0: Called Strike 3-1: Base on Balls
|
|
Batting: RHB Tony Vargas
|
0-0: Ball 1-0: Called Strike 1-1: Ball 2-1: Foul Ball, location: 2F 2-2: Strikes out swinging
|
|
Batting: RHB Pavpv Ivanushkin
|
0-0: Ball Jose Vasquez steals 2nd base 1-0: Ball Wild Pitch! Jose Vasquez to third 2-0: Called Strike 2-1: Foul Ball, location: 2F 2-2: Strikes out looking
|
|
Batting: LHB Jerrod Cluck
|
0-0: Ball 1-0: Swinging Strike 1-1: Ball 2-1: Called Strike 2-2: Strikes out looking
|
| Top of the 6th over - 0 runs, 0 hits, 0 errors, 1 left on base; Seattle 0 - Colorado 0 |
| BOTTOM OF THE 6TH |
|
Colorado Rockies batting - Pitching for Seattle Mariners : RHP William de Jesus
|
|
Batting: SHB Jerry Luckwell
|
0-0: Foul Ball, location: 2F 0-1: Ball 1-1: Called Strike 1-2: Ball 2-2: Fly out, F8 (Flyball, 8LM, EV 90.6 MPH)
|
|
Batting: LHB Freddy Troncoso
|
0-0: Fly out, F9 (Flyball, 9D, EV 97.5 MPH)
|
|
Batting: RHB Henry Alvizo
|
0-0: Ground out U3 (Groundball, 34, EV 100.6 MPH)
|
| Bottom of the 6th over - 0 runs, 0 hits, 0 errors, 0 left on base; Seattle 0 - Colorado 0 |
| TOP OF THE 7TH |
|
Seattle Mariners batting - Pitching for Colorado Rockies : LHP Mike Nimmo
|
|
Batting: LHB Tommy Luce
|
0-0: Ball 1-0: Foul Ball, location: 2F 1-1: Ball 2-1: Swinging Strike 2-2: Foul Ball, location: 2F 2-2: DOUBLE (Flyball, 8LXD, EV 111.2 MPH)
|
|
Batting: SHB Ray Skogen
|
0-0: Foul Ball, location: 2F 0-1: Swinging Strike 0-2: SINGLE (Groundball, 5D, EV 103.1 MPH) Tommy Luce to third Runner from 3rd tries for Home, SAFE, throw by LF to home
|
|
Pitching: LHP Bill Ogren
|
|
|
Batting: RHB Young-kwang Ohnn
|
0-0: Grounds into double play, 6-4-3 (Groundball, 6M, EV 86.9 MPH)
|
|
Batting: RHB Malik Brookshire
|
0-0: Called Strike 0-1: Ball 1-1: Called Strike 1-2: Foul Ball, location: 2F 1-2: Strikes out swinging
|
| Top of the 7th over - 1 run, 2 hits, 0 errors, 0 left on base; Seattle 1 - Colorado 0 |
| BOTTOM OF THE 7TH |
|
Colorado Rockies batting - Pitching for Seattle Mariners : RHP William de Jesus
|
|
Now at 2B: Malik Brookshire
|
|
|
Now at SS: Harutomi Matsubara
|
|
|
Batting: LHB Andy Bowman
|
0-0: Ball 1-0: Swinging Strike 1-1: Ball 2-1: Foul Ball, location: 2F 2-2: Strikes out swinging, 2-3 out at first.
|
|
Batting: SHB Jon Munoz
|
0-0: Fly out, F9 (Line Drive, 9LM, EV 93.8 MPH)
|
|
Batting: RHB Justin Williams
|
0-0: Called Strike 0-1: SINGLE (Line Drive, 56D, EV 97.5 MPH)
|
|
Batting: LHB Greg Valenzuela
|
0-0: Called Strike 0-1: Swinging Strike 0-2: Ball 1-2: Strikes out swinging
|
| Bottom of the 7th over - 0 runs, 1 hit, 0 errors, 1 left on base; Seattle 1 - Colorado 0 |
| TOP OF THE 8TH |
|
Seattle Mariners batting - Pitching for Colorado Rockies : LHP Bill Ogren
|
|
Batting: RHB Harutomi Matsubara
|
0-0: Called Strike 0-1: Fly out, F7 (Flyball, 78M, EV 96.2 MPH)
|
|
Batting: RHB Jose Vasquez
|
0-0: Ball 1-0: Swinging Strike 1-1: Ball 2-1: Swinging Strike 2-2: Ball 3-2: Foul Ball, location: 2F 3-2: Base on Balls
|
|
Batting: RHB Tony Vargas
|
0-0: Ball 1-0: Ball 2-0: Called Strike 2-1: SINGLE (Groundball, 56D, EV 100.0 MPH) Jose Vasquez to second Runner from 2nd tries for 3rd, SAFE, throw by LF made to third
|
|
Batting: RHB Pavpv Ivanushkin
|
0-0: Ball 1-0: Ball 2-0: Called Strike 2-1: DOUBLE (Flyball, 8LXD, EV 108.1 MPH) Jose Vasquez scores Tony Vargas to third Runner from 3rd tries for Home, SAFE, no throw by CF
|
|
Batting: LHB Jerrod Cluck
|
0-0: Foul Ball, location: 2F 0-1: Ball 1-1: Ball 2-1: Ball 3-1: Base on Balls
|
|
Batting: LHB Tommy Luce
|
0-0: Called Strike 0-1: Ball 1-1: Foul Ball, location: 2F 1-2: Strikes out swinging
|
|
Pitching: RHP Jaden Mackey
|
|
|
Batting: SHB Ray Skogen
|
0-0: Called Strike 0-1: Ball 1-1: Swinging Strike 1-2: Ball 2-2: Ball 3-2: Strikes out swinging
|
| Top of the 8th over - 2 runs, 2 hits, 0 errors, 2 left on base; Seattle 3 - Colorado 0 |
| BOTTOM OF THE 8TH |
|
Colorado Rockies batting - Pitching for Seattle Mariners : RHP William de Jesus
|
|
Batting: RHB Eduardo Camacho
|
0-0: Ball 1-0: Called Strike 1-1: Fly out, F4 (Popup, 34S, EV 81.2 MPH)
|
|
Batting: RHB Cesar Breceda
|
0-0: Called Strike 0-1: Foul Ball, location: 2F 0-2: Ball 1-2: DOUBLE (Line Drive, 3D, EV 100.0 MPH)
|
|
Batting: SHB Jerry Luckwell
|
0-0: DOUBLE (Line Drive, 89D, EV 101.2 MPH) Cesar Breceda scores
|
|
Batting: LHB Freddy Troncoso
|
0-0: Ball 1-0: Ball 2-0: Swinging Strike 2-1: DOUBLE (Line Drive, 7LS, EV 111.9 MPH) Jerry Luckwell scores
|
|
Batting: RHB Henry Alvizo
|
0-0: Ball 1-0: Foul Ball, location: 2F 1-1: Fly out, F8 (Flyball, BS3, EV 106.9 MPH)
|
|
Batting: LHB Andy Bowman
|
0-0: Ball 1-0: Ball 2-0: Called Strike 2-1: Ball 3-1: Called Strike 3-2: Foul Ball, location: 2F 3-2: Foul Ball, location: 2F 3-2: SINGLE (Line Drive, 4MD, EV 95.6 MPH) Freddy Troncoso to third Runner from 3rd tries for Home, SAFE, throw by CF to home
|
|
Pitching: RHP Aidan Martin
|
|
|
Batting: SHB Jon Munoz
|
0-0: Ball 1-0: Ball 2-0: Ball 3-0: Called Strike 3-1: Base on Balls Andy Bowman to second
|
|
Batting: RHB Justin Williams
|
0-0: Ball Wild Pitch! Andy Bowman to third Jon Munoz to second 1-0: Called Strike 1-1: SINGLE (Flyball, 56D, EV 85.0 MPH) Andy Bowman scores Jon Munoz to third
|
|
Batting: LHB Greg Valenzuela
|
0-0: Called Strike 0-1: Foul Ball, location: 2F 0-2: SINGLE (Line Drive, 56D, EV 105.6 MPH) Jon Munoz scores Justin Williams to second
|
|
Batting: RHB Eduardo Camacho
|
0-0: DOUBLE (Line Drive, 7LM, EV 98.1 MPH) Justin Williams scores Greg Valenzuela to third Runner from 3rd tries for Home, SAFE, throw by LF to home
|
|
Pitching: RHP Omar Colunga
|
|
|
Batting: RHB Cesar Breceda
|
0-0: Called Strike 0-1: Ball 1-1: 2-RUN HOME RUN (Flyball, 9D, EV 93.1 MPH), Distance : 369 ft
|
|
Batting: SHB Jerry Luckwell
|
0-0: Ball 1-0: Swinging Strike 1-1: Ball 2-1: Swinging Strike 2-2: Strikes out swinging
|
| Bottom of the 8th over - 9 runs, 8 hits, 0 errors, 0 left on base; Seattle 3 - Colorado 9 |
| TOP OF THE 9TH |
|
Seattle Mariners batting - Pitching for Colorado Rockies : RHP Jaden Mackey
|
|
Batting: RHB Young-kwang Ohnn
|
0-0: Ball 1-0: Called Strike 1-1: Ball 2-1: DOUBLE (Line Drive, 89M, EV 103.1 MPH)
|
|
Batting: RHB Malik Brookshire
|
0-0: Ball 1-0: SINGLE (Line Drive, 7S, EV 93.8 MPH) Young-kwang Ohnn to third
|
|
Batting: RHB Harutomi Matsubara
|
0-0: Called Strike 0-1: Ball 1-1: Ball 2-1: Grounds into double play, 5-4-3 (Groundball, 25, EV 86.2 MPH) Young-kwang Ohnn scores
|
|
Batting: RHB Jose Vasquez
|
0-0: Ball 1-0: Ball 2-0: Swinging Strike 2-1: Called Strike 2-2: Fly out, F2 (Popup, 23F, EV 83.8 MPH)
|
| Top of the 9th over - 1 run, 2 hits, 0 errors, 0 left on base; Seattle 4 - Colorado 9 |
|